 Dungeon Crawl Stone Soup version 0.20-a0-3-g334f831 (webtiles) character file.

25862 Odds the Grappler (level 12, -6/119 HPs)
             Began as a Troll Hunter on Oct 29, 2016.
             Was a High Priest of Okawaru.
             Shot with an arrow by Nessos (9 damage)
             ... on level 5 of the Lair of Beasts on Oct 30, 2016.
             The game lasted 00:38:36 (14065 turns).

Odds the Grappler (Troll Hunter)                   Turns: 14065, Time: 00:38:37

Health: -6/119     AC: 11    Str: 30    XL:     12   Next: 93%
Magic:  11/13      EV: 16    Int:  7    God:    Okawaru [*****.]
Gold:   849        SH:  0    Dex: 11    Spells: 1 memorised, 10 levels left

rFire  . . .     SeeInvis .       - Unarmed
rCold  + . .     Gourm    +     V - +2 animal skin
rNeg   + . .     Faith    +     (no shield)
rPois  +         Spirit   .     R - +2 hat
rElec  +         Reflect  .     r - +1 cloak
rCorr  .         Harm     .     (gloves unavailable)
MR     .....                    (boots unavailable)
Stlth  +++.......               W - amulet of Ephemeral Luck {Faith rElec rC+ rN+}
                                T - ring of poison resistance
                                S - +4 ring of strength

@: lethally poisoned (-6 -> -12), heroism
A: unfitting armour, claws 3, fast metabolism 3, gourmand, regeneration 1,
shaggy fur 1, tough skin 2
a: Heroism, Finesse, Renounce Religion


You were on level 5 of the Lair of Beasts.
You worshipped Okawaru.
Okawaru was extremely pleased with you.
You were completely stuffed.

You visited 3 branches of the dungeon, and saw 15 of its levels.
You also visited: Labyrinth and Ossuary.

You collected 849 gold pieces.

Inventory:

Missiles
 s - 2 tomahawks of returning
 y - 3 javelins
 G - 4 throwing nets
 H - 4 large rocks (quivered)
 Q - 3 javelins of penetration
Armour
 r - a +1 cloak (worn)
 R - a +2 hat (worn)
 V - a +2 animal skin (worn)
Rods
 h - a +8 rod of shadows (5/11)
   (You found it in a labyrinth)
 v - a +5 rod of inaccuracy (9/9)
   (You found it in a labyrinth)
Jewellery
 i - an uncursed ring of protection from fire
 t - an uncursed ring of positive energy
 w - a +4 amulet of reflection {unknown}
 C - an uncursed ring of flight
 K - an uncursed amulet of guardian spirit {unknown}
 S - a +4 ring of strength (left claw)
 T - a ring of poison resistance (right claw)
 W - the amulet of Ephemeral Luck (around neck) {Faith rElec rC+ rN+}
   (You found it on level 1 of the Lair of Beasts)

   [amulet of faith]

   It allows you to gain divine favour quickly.
   It protects you from cold.
   It insulates you from electricity.
   It protects you from negative energy.
 Y - a cursed amulet of inaccuracy {unknown}
Wands
 d - a wand of flame (36/48)
 e - a wand of lightning (5/15)
 D - a wand of iceblast (13/15)
 F - a wand of iceblast (9/15)
 L - a wand of confusion (15/48)
 M - a wand of disintegration (10/24)
 O - a wand of iceblast (10/15)
Scrolls
 a - a scroll of teleportation
 b - a scroll of fear
 j - 4 scrolls of fog
 o - 11 scrolls of remove curse
 q - a scroll of silence
 B - a scroll of blinking
Potions
 c - 3 potions of resistance
 g - 2 potions of might
 k - 2 potions of curing
 m - 3 potions of ambrosia
 n - 2 potions of brilliance {unknown}
 p - a potion of haste
 u - a potion of agility
 x - a potion of cure mutation
 z - 4 potions of flight
 A - 2 potions of heal wounds
 E - 2 potions of berserk rage
 N - a potion of magic
 P - a potion of mutation {unknown}
Comestibles
 f - 13 bread rations
 l - 3 beef jerkies
 J - 8 meat rations
 X - 11 fruits
 Z - a slice of pizza


   Skills:
 + Level 8.1(13.1) Fighting
 + Level 9.0(14.0) Throwing
 + Level 7.9(12.9) Dodging
 - Level 0.3(5.3) Stealth
 * Level 14.1(19.1) Unarmed Combat
 - Level 0.8 Hexes
 * Level 3.3 Evocations


You had 10 spell levels left.
You knew the following spells:

 Your Spells              Type           Power        Failure   Level  Hunger
a - Confusing Touch       Hex            #.....       38%         1    ##.....


Dungeon Overview and Level Annotations

Branches:
Dungeon (9/15)             Temple (1/1) D:7            Lair (5/6) D:8
 Shoals (0/4) Lair:3        Snake (0/4) Lair:4        Slime (0/5) Lair:5
    Orc: D:9-12

Altars:
Cheibriados
Dithmenos
Elyvilon
Fedhas
Gozag
Hepliaklqana
Kikubaaqudgha
Makhleb
Nemelex Xobeh
Okawaru
Qazlal
Ru
Sif Muna
Trog
Uskayaw
Vehumet
Xom
Yredelemnul
Zin
The Shining One
Jiyva

Shops:
D:4 =   D:5 (   D:7 ?   D:8 *

Annotations:
D:3 1 runed door
Lair:5 Nessos


Innate Abilities, Weirdness & Mutations

You are too large for most types of armour.
You have claws for hands.
Your metabolism is lightning-fast.
You like to eat raw meat.
Your natural rate of healing is unusually fast.
You are covered in fur. (AC +1)
You have very tough skin. (AC +2)


Message History

You gain the combat prowess of a mighty hero.
Nessos wields a longbow of flaming.
It bursts into flame!
Nessos shoots an arrow.
The arrow hits you! The arrow burns you.
You are poisoned.
Nessos shoots an arrow.
The arrow hits you!! The arrow burns you!
Unknown command.
Throwing (i - inventory. (,) - cycle):
H - 5 large rocks (quivered)
Press: ? - help, Shift-Dir - straight line, f - Nessos
Aim: Nessos, wielding a longbow of flaming and wearing a centaur barding (fast)
You throw a large rock. The large rock hits Nessos!!
Nessos is moderately wounded.
You feel very sick.
Nessos shoots an arrow.
The arrow hits you!
* * * LOW HITPOINT WARNING * * *
The arrow burns you!
* * * LOW HITPOINT WARNING * * *
Nessos shoots an arrow.
The arrow hits you!!
* * * LOW HITPOINT WARNING * * *
The arrow burns you!
You die...

.................#...###....##...
...P....P#......#.....#......#...
.................#.....+......#..
# #P.....#............P###.###...
P###......#.P..#.....### #####.<.
..##.....#....#......#####.#.....
.................#.#.#.#..)......
.................................
................@#.#.#.#.........
..............†.....>....÷.......
...........(.....#.#.#.#.........
.................................
..##.............#.#.#.#.####....
#.##.....#....#.#....#.P.####....
#.#.#....#.##...#................
...#........c.##...........PP....
≈♣.......P....##............P....


You could see Nessos.

Vanquished Creatures
  The ghost of dobroeutro the Fighter, a journeyman DsGl of Makhleb (Lair:4)
  A minotaur (Lab)
  4 hydras
  Harold (Lair:2)
  A death yak (Lair:5)
  The ghost of Zorot the Cleaver, a novice MiBe of Trog (D:7)
  A necromancer (Lair:3)
  Pikel (D:5)
  5 black mambas
  6 elephants (Lair:4)
  5 spiny frogs
  A rime drake (Lair:3)
  3 komodo dragons
  A polar bear (Lair:5)
  5 blink frogs (Lair:4)
  4 hippogriffs
  Sigmund (D:2)
  A wyvern (D:8)
  17 yaks
  2 basilisks
  Menkaure (D:6)
  Duvessa (D:5)
  10 water moccasins
  7 porcupines
  4 orc warriors
  A black bear (D:8)
  6 ogres
  4 sky beasts
  A necrophage (D:7)
  9 wolves
  2 centaurs
  8 crocodiles
  10 bullfrogs
  2 elf zombies (Ossuary)
  Dowan (D:5)
  A scorpion (D:4)
  A water moccasin skeleton (D:5)
  7 killer bees
  An electric eel (Lair:3)
  2 vampire bats (Lair:2)
  5 wights (D:4)
  3 crimson imps
  2 basilisk zombies (Lair:3)
  3 centaur zombies (Ossuary)
  A hound (D:8)
  A jelly (D:6)
  5 orc priests
  A gnoll shaman (D:7)
  8 orc wizards
  A bullfrog skeleton (D:5)
  A centaur skeleton (D:4)
  6 worker ants
  Jessica (D:2)
  2 iguanas
  Natasha (D:4)
  2 ogre zombies (Ossuary)
  A hound skeleton (D:6)
  7 mummies (Ossuary)
  Robin (D:3)
  14 gnolls
  9 adders
  2 oozes
  2 adder zombies (Ossuary)
  2 adder skeletons (D:4)
  3 dart slugs
  5 leopard geckos
  38 orcs
  4 giant cockroaches
  14 goblins
  4 hobgoblins
  5 jackals
  5 quokkas
  3 ball pythons
  15 bats
  2 frilled lizards
  3 gnoll zombies (Ossuary)
  4 goblin zombies (Ossuary)
  3 hobgoblin zombies (Ossuary)
  A jackal zombie (D:7)
  6 kobolds
  4 kobold zombies (Ossuary)
  A leopard gecko skeleton (D:4)
  An orc zombie (Ossuary)
  2 quokka skeletons
  5 quokka zombies (Ossuary)
  19 rats
  3 rat zombies
372 creatures vanquished.

Vanquished Creatures (others)
  A slave (D:5)
  An orc wizard (D:5)
  A worker ant (D:5)
  A gnoll (D:5)
  3 orcs (D:5)
  A giant cockroach (D:5)
  4 fungi
  2 plants
14 creatures vanquished.

Grand Total: 386 creatures vanquished

Notes
Turn   | Place    | Note
-------+----------+-------------------------------------------
     0 | D:1      | Odds the Troll Hunter began the quest for the Orb.
     0 | D:1      | Reached XP level 1. HP: 19/19 MP: 0/0
    44 | D:1      | Reached skill level 1 in Unarmed Combat
   119 | D:1      | Reached skill level 2 in Unarmed Combat
   119 | D:1      | Reached XP level 2. HP: 17/27 MP: 1/1
   756 | D:1      | Reached XP level 3. HP: 33/33 MP: 2/2
   792 | D:2      | Noticed Sigmund
  1001 | D:2      | Noticed Jessica
  1008 | D:2      | Killed Jessica
  1008 | D:2      | Reached skill level 3 in Unarmed Combat
  1144 | D:2      | Reached XP level 4. HP: 41/41 MP: 3/3
  1192 | D:2      | Killed Sigmund
  1192 | D:2      | Reached skill level 5 in Unarmed Combat
  1192 | D:2      | Reached XP level 5. HP: 41/48 MP: 4/4
  1591 | D:3      | Reached XP level 6. HP: 52/55 MP: 5/5
  1655 | D:3      | Noticed Robin
  1659 | D:3      | Reached skill level 6 in Unarmed Combat
  1663 | D:3      | Killed Robin
  2266 | D:3      | Found a runed door.
  2421 | D:4      | Reached XP level 7. HP: 35/65 MP: 6/6
  2429 | D:4      | Reached skill level 7 in Unarmed Combat
  2751 | D:4      | Found Osodeij's Jewellery Boutique.
  2894 | D:4      | Found a snail-covered altar of Cheibriados.
  3133 | D:4      | Found a deep blue altar of Sif Muna.
  3134 | D:4      | Found a hazy altar of Hepliaklqana.
  3134 | D:4      | Found an iron altar of Okawaru.
  3135 | D:4      | Found a sacrificial altar of Ru.
  3227 | D:4      | Noticed Natasha
  3233 | D:4      | Killed Natasha
  3555 | D:5      | Entered Level 5 of the Dungeon
  3556 | D:5      | Upgraded the game from 0.20-a0-2-g2b0e13a to 0.20-a0-3-g334f831
  3632 | D:5      | Noticed Pikel
  3650 | D:5      | Reached XP level 8. HP: 74/74 MP: 7/7
  3692 | D:5      | Killed Pikel
  3692 | D:5      | Reached skill level 8 in Unarmed Combat
  3760 | D:5      | Found Huijov's Antique Weapon Shop.
  3938 | D:5      | Reached skill level 5 in Throwing
  4147 | D:5      | Noticed Duvessa
  4147 | D:5      | Noticed Dowan
  4148 | D:5      | Killed Dowan
  4153 | D:5      | Killed Duvessa
  4153 | D:5      | Reached skill level 9 in Unarmed Combat
  4432 | D:6      | Reached XP level 9. HP: 84/84 MP: 8/8
  4583 | D:6      | Found a sand-covered staircase.
  4601 | Ossuary  | Entered an ossuary
  5353 | D:6      | Noticed Menkaure
  5355 | D:6      | Killed Menkaure
  5612 | D:7      | Reached skill level 10 in Unarmed Combat
  5646 | D:7      | Noticed Zorot's ghost (novice MiBe)
  5666 | D:7      | Killed Zorot's ghost
  5666 | D:7      | Reached skill level 5 in Fighting
  5722 | D:7      | Reached skill level 5 in Dodging
  5722 | D:7      | Reached XP level 10. HP: 60/95 MP: 9/9
  5992 | D:7      | Found a staircase to the Ecumenical Temple.
  5993 | D:7      | Found Koaneim's Magic Scroll Shop.
  6001 | Temple   | Entered the Ecumenical Temple
  6216 | D:4      | Became a worshipper of Warmaster Okawaru
  6685 | D:8      | Found a staircase to the Lair.
  6723 | D:7      | HP: 4/96 [killer bee (2)]
  7362 | D:8      | Reached * piety under Okawaru
  7362 | D:8      | Reached skill level 11 in Unarmed Combat
  8306 | D:8      | Found Pibeacad's Assorted Antiques.
  8576 | D:9      | Reached ** piety under Okawaru
  8689 | Lair:1   | Entered Level 1 of the Lair of Beasts
  8961 | Lair:1   | Reached XP level 11. HP: 59/105 MP: 10/10
  9050 | Lair:1   | Noticed a five-headed hydra
  9055 | Lair:1   | Killed a five-headed hydra
  9064 | Lair:1   | Identified a scroll of acquirement
  9116 | Lair:1   | Reached *** piety under Okawaru
  9120 | Lair:1   | Reached skill level 12 in Unarmed Combat
  9221 | Lair:1   | Got a fine crystal amulet
  9222 | Lair:1   | Identified the amulet of Ephemeral Luck {Faith rElec rC+ rN+} (You found it on level 1 of the Lair of Beasts)
  9969 | Lair:1   | Reached **** piety under Okawaru
 10175 | Lair:2   | Noticed a five-headed hydra
 10185 | Lair:2   | Killed a five-headed hydra
 10190 | Lair:2   | Noticed Harold
 10201 | Lair:2   | Killed Harold
 10201 | Lair:2   | Reached ***** piety under Okawaru
 10308 | Lair:2   | Noticed a seven-headed hydra
 10312 | Lair:2   | Killed a seven-headed hydra
 10492 | Lair:2   | Received a gift from Okawaru
 10497 | Lair:2   | Reached skill level 13 in Unarmed Combat
 10648 | Lair:2   | Received a gift from Okawaru
 10879 | Lair:2   | Reached XP level 12. HP: 114/118 MP: 11/11
 11331 | Lair:3   | Learned a level 1 spell: Confusing Touch
 11386 | Lair:3   | Found a staircase to the Shoals.
 11574 | Lair:3   | Received a gift from Okawaru
 11907 | Lair:4   | Found a labyrinth entrance.
 11914 | Lab      | Entered a labyrinth
 11979 | Lab      | Noticed a minotaur
 11986 | Lab      | Killed a minotaur
 11986 | Lab      | Received a gift from Okawaru
 12013 | Lab      | Identified a +5 rod of inaccuracy (9/9) (You found it in a labyrinth)
 12016 | Lab      | Identified a +8 rod of shadows (11/11) (You found it in a labyrinth)
 12451 | Lair:4   | Noticed dobroeutro's ghost (journeyman DsGl)
 12451 | Lair:4   | Reached skill level 1 in Evocations
 12467 | Lair:4   | Killed dobroeutro's ghost
 12962 | Lair:4   | Found a staircase to the Snake Pit.
 13387 | Lair:5   | Found a viscous altar of Jiyva.
 13387 | Lair:5   | Found a staircase to the Slime Pits.
 13434 | Lair:5   | Reached skill level 14 in Unarmed Combat
 13456 | Lair:5   | Noticed Nessos
 13867 | Lair:5   | Received a gift from Okawaru
 13950 | Lair:5   | Noticed a five-headed hydra
 13954 | Lair:5   | Killed a five-headed hydra
 14010 | Lair:5   | Noticed a death yak
 14038 | Lair:5   | Killed a death yak
 14065 | Lair:5   | HP: 3/119 [Nessos/arrow (18)]
 14065 | Lair:5   | Shot with an arrow by Nessos

Vault maps used:
D:1:      onia_arrival_larder, hangedman_decor_opposing, serial_park_tiny_pond,
          serial_bayou_pond_d
D:2:      uniq_sigmund, uniq_jessica
D:3:      marbit_many_paths, uniq_crazy_yiuf_cottage, uniq_robin
D:4:      chequers_temple_overflow_statue_of_worship, cheibriados_altar_1,
          first_bread, serial_shops, kennysheep_little_box, uniq_natasha
D:5:      serial_shops, nicolae_shop_temple_entry_statues_fountains, uniq_pikel,
          uniq_duvessa
D:6:      enter_ossuary_4, uniq_menkaure
D:7:      serial_shops, shop
D:8:      lair_0_dummy, serial_shops, nicolae_shop_trees
D:9:      david_orc_5
Temple:   regret_index_temple_waves
Lair:1:   st_stairs_7, serial_bayou_shore_b
Lair:2:   roderic_batcave, serial_bayou_ford_a, minivault_27, uniq_harold
Lair:3:   pond_and_an_island_with_a_cottage, shoals_dummy_entry
Lair:4:   dummy_snake_entry, lab_entry_generic
Lair:5:   slime_altar_1, st_stairs_8, nicolae_quartered_pool_super, uniq_nessos
Lab:      labyrinth_hidden_loot, nicolae_lab_x, nicolae_lab_very_dead_end
Ossuary:  ossuary_boxes_badplayer

Skill      XL: |  1  2  3  4  5  6  7  8  9 10 11 12 |
---------------+-------------------------------------+-----
Unarmed Combat | 2 3 5 6 7 9 10 11 13 14 | 14.1
Fighting       | 2 4 5 6 7 8 |  8.1
Dodging        | 2 3 5 6 7 |  7.9
Throwing       | 4 5 6 7 8 9 |  9.0
Evocations     | 3 |  3.3
Stealth        | |  0.3
Hexes          | |  0.8

Action                   |  1- 3 |  4- 6 |  7- 9 | 10-12 || total
-------------------------+-------+-------+-------+-------++-------
Melee: Unarmed           |    62 |   160 |   314 |   522 ||  1058
       Short sword       |     2 |       |       |       ||     2
       Punch             |       |     5 |    23 |    21 ||    49
Throw: Large rock        |     5 |       |    17 |    35 ||    57
       Stone             |       |     3 |       |     2 ||     5
       Throwing net      |       |       |     4 |     3 ||     7
       Javelin           |       |       |     3 |    18 ||    21
       Tomahawk          |       |       |       |    14 ||    14
Invok: Heroism           |       |       |       |    10 ||    10
Evoke: Rod               |       |       |       |    11 ||    11
  Use: Scroll            |     6 |     6 |    11 |    12 ||    35
       Potion            |       |     1 |       |     5 ||     6
 Stab: Sleeping          |     1 |       |     2 |       ||     3
       Invisible         |       |     2 |       |       ||     2
  Eat: Chunk             |     8 |    15 |    30 |    79 ||   132
       Meat ration       |     1 |       |       |       ||     1
Armor: Robe              |    26 |    71 |    58 |    62 ||   217
       Animal skin       |       |       |       |   106 ||   106
Dodge: Dodged            |    26 |    80 |   121 |   330 ||   557
